 Dungeon Crawl Stone Soup version 0.29-a0-330-g52719c12eb (webtiles) character file.

Game seed: 8197247499483979779

11007 erdraug the Zephyrmancer (level 11, 0/64 HPs)
             Began as a Tengu Air Elementalist on May 20, 2022.
             Was a High Priest of Okawaru.
             Slain by a minotaur
             ... wielding a +2 short sword of venom
              (13 damage)
             ... in a Gauntlet on May 22, 2022.
             The game lasted 01:10:57 (15730 turns).

erdraug the Zephyrmancer (Tengu Air Elementalist)  Turns: 15730, Time: 01:10:57

Health: 0/64       AC: 16    Str:  8    XL:     11   Next: 71%
Magic:  22/26      EV: 22    Int: 19    God:    Okawaru [*****.]
Gold:   548        SH:  7    Dex: 17    Spells: 6/16 levels left

rFire   . . .      SeeInvis +   a - +1 trident of the Blushing Gods {holy, rN+ rCorr Int-2 SInv}
rCold   . . .      Faith    .   C - +0 buckler
rNeg    + + +      Spirit   .   A - +0 scale mail of Kikubaaqudgha's Envy {Fly MP+9 Dex+3}
rPois   .          Reflect  .   (helmet restricted)
rElec   .          Harm     .   B - +2 cloak {Will+}
rCorr   +          Rampage  .   J - +2 pair of gloves of Compression {rN++ Slay+3}
Will    +....      NoTele   +   (boots unavailable)
Stlth   ++........              P - amulet of magic regeneration
HPRegen 0.20/turn               Q - +4 ring of evasion
MPRegen 0.60/turn               R - +4 ring of evasion

@: heroic, finesse-ful, flying quickly and evasively, hasted, very quick
A: beak, talons 3, nimble flight
a: Renounce Religion, Heroism, Finesse, Duel


You were in a Gauntlet.
You worshipped Okawaru.
Okawaru was extremely pleased with you.
You visited 2 branches of the dungeon, and saw 12 of its levels.
You also visited: Ossuary and Gauntlet.

You collected 760 gold pieces.
You spent 212 gold pieces at shops.

Inventory:

Hand Weapons
 a - the +1 trident of the Blushing Gods (weapon) {holy, rN+ rCorr Int-2 SInv}
   (You bought it in a shop on level 4 of the Dungeon)

   It has been blessed by the Shining One to cause great damage to the undead
   and demons.
   Int:       It affects your intelligence (-2).
   rN:        It protects you from negative energy.
   SInv:      It lets you see invisible.
   rCorr:     It protects you from acid and corrosion.
 b - the +1 long sword of the Snake Pit {spect, rCorr}
   (You took it off a gnoll on level 8 of the Dungeon)

   When its wielder attacks, the weapon's spirit leaps out and strikes again.
   The spirit shares a part of any damage it takes with its wielder.
   rCorr:     It protects you from acid and corrosion.
 h - a +2 vampiric morningstar
 p - a +0 quarterstaff of freezing
 F - a +1 mace of holy wrath
 G - a +1 mace of holy wrath
Missiles
 o - 3 curare-tipped darts (quivered)
 H - a throwing net
Armour
 n - a +0 plate armour of cold resistance
 t - a +1 robe of cold resistance
 A - the +0 scale mail of Kikubaaqudgha's Envy (worn) {Fly MP+9 Dex+3}
   (You found it on level 6 of the Dungeon)

   Dex:       It affects your dexterity (+3).
   MP:        It affects your magic capacity (+9).
   Fly:       It grants you flight.
 B - a +2 cloak of willpower (worn)
 C - a +0 buckler (worn)
 J - the +2 pair of gloves of Compression (worn) {rN++ Slay+3}
   (You found it in a Gauntlet)

   Slay:      It affects your accuracy & damage with ranged weapons and melee
   (+3).
   rN:        It greatly protects you from negative energy.
Jewellery
 x - a ring of ice
 y - a ring of poison resistance
 I - a ring of see invisible
 K - a +6 ring of strength
 P - an amulet of magic regeneration (around neck)
 Q - a +4 ring of evasion (left hand)
 R - a +4 ring of evasion (right hand)
 S - a ring of positive energy
Wands
 i - a wand of paralysis (6)
 m - a wand of polymorph (5)
 u - a wand of iceblast (14)
 z - a wand of acid (2)
 E - a wand of flame (12)
 V - a wand of mindburst (18)
Scrolls
 c - a scroll of magic mapping
 d - 5 scrolls of fear
 e - a scroll of amnesia
 g - a scroll of holy word {unknown}
 j - 6 scrolls of blinking
 k - 3 scrolls of enchant armour
 l - 3 scrolls of summoning
 r - 2 scrolls of identify
 s - 2 scrolls of fog {unknown}
 v - a scroll of brand weapon {unknown}
 w - 5 scrolls of teleportation {unknown}
Potions
 f - a potion of magic
 q - 9 potions of curing


   Skills:
 - Level 6.0(11.0) Fighting
 - Level 5.0(10.0) Polearms
 + Level 8.4(13.4) Armour
 + Level 4.5(9.5) Dodging
 - Level 2.0(7.0) Stealth
 - Level 4.0(9.0) Shields
 + Level 3.4 Spellcasting
 - Level 1.3 Conjurations
 - Level 2.0 Necromancy
 + Level 14.0 Air Magic
 - Level 5.0 Invocations
 - Level 5.0 Evocations


You had 6 spell levels left.
You knew the following spells:

 Your Spells              Type           Power      Damage    Failure   Level
a - Shock                 Conj/Air       100%       1d9       4%          1
b - Airstrike             Air            27%        N/A       3%          4
q - Swiftness             Air            54%        N/A       1%          3
z - Sublimation of Blood  Necr           10%        N/A       52%         2

Your spell library contained the following spells:

 Spells                   Type           Power      Damage    Failure   Level
 Static Discharge         Conj/Air       32%        N/A       6%          2
 Pain                     Necr           40%        1d6       38%         1
 Sandblast                Erth           6%         2d5       67%         1
 Passwall                 Tmut/Erth      2%         N/A       80%         2
 Stone Arrow              Conj/Erth      10%        3d7       91%         3
 Inner Flame              Hex/Fire       3%         N/A       95%         3
 Cause Fear               Hex            1%         N/A       100%        4
 Petrify                  Tmut/Erth      3%         N/A       100%        4
 Agony                    Necr           10%        N/A       100%        5
 Excruciating Wounds      Necr           5%         N/A       100%        5
 Irradiate                Conj/Tmut      2%         3d14      100%        5
 Discord                  Hex            1%         N/A       100%        8


Dungeon Overview and Level Annotations

Branches:
Dungeon (11/15)            Temple (1/1) D:4            Lair (0/6) D:11
Ossuary (visited)         Gauntlet (1/1)
    Orc: D:9-12

Altars:
Gozag
Kikubaaqudgha
Okawaru
Qazlal
Trog
Uskayaw
Vehumet
Wu Jian
Xom
Yredelemnul

Shops:
D:4 *:   D:11 =

Annotations:
D:11 Lodul Gauntlet 8 transporters, 4 runed translucent doors


Innate Abilities, Weirdness & Mutations

You have a beak for a mouth.
You have claws for feet.
Your magical nature lets you fly swiftly and evasively.


Message History

The minotaur gores you.
You feel better. You block the hellwing's attack.
The hellwing completely misses you.
You barely miss the minotaur.
The minotaur furiously retaliates!
The minotaur headbutts you!
You claw the minotaur, but do no damage.
You peck the minotaur, but do no damage.
The minotaur is moderately wounded.
Okay, then.
You can now deal lightning-fast blows.
The hellwing closely misses you.
The hellwing hits you but does no damage.
The minotaur closely misses you. The minotaur gores you!
* * * LOW HITPOINT WARNING * * *
You hit the minotaur but do no damage.
You claw the minotaur, but do no damage.
You peck the minotaur, but do no damage.
The minotaur is moderately wounded.
The hellwing closely misses you.
The hellwing hits you but does no damage.
Unknown command.
You hit the minotaur but do no damage.
The minotaur is moderately wounded.
You hit the minotaur. Your kick misses the minotaur.
You peck the minotaur, but do no damage.
The minotaur is moderately wounded.
The minotaur barely misses you. The minotaur completely misses you.
You barely miss the minotaur. You claw the minotaur.
The minotaur is moderately wounded.
The reaper whispers, "Time's up, erdraug!"
You block the hellwing's attack. x2
You hit the minotaur but do no damage.
You claw the minotaur, but do no damage.
The minotaur is moderately wounded.
You hit the minotaur but do no damage. Your kick misses the minotaur.
You peck the minotaur, but do no damage.
The minotaur is moderately wounded.
The hellwing barely misses you. You block the hellwing's attack.
The minotaur hits you with a +2 short sword of venom!
You die...

#..#.2.###[#..≈#
#.©#..#©#.©#..##
#..#4###...#..≈#
#..#..#...|#..##
#..#......2#..≈# ###.
#..#########..###... .
#..#..........##..# ..
#..#########..#...##.#
#..#.33##..#..#4@H..(#
#..###...#.#.8#.©.##....
#..#3.#..#.#..#...## .
#©©#..#©#[©#.∩#.©....
#..#.#..#!=#..#...##..
#..#.#...###.8#.©.## ##
#..#..##...#..#.....
#..#########..#...##.
#..#..........##..#


You could see a minotaur (poisoned, slow), a reaper and a hellwing.

Vanquished Creatures
  Harold (D:10)
  Fannar (D:10)
  2 two-headed ogres
  Urug (D:10)
  A wizard (Gauntlet)
  2 trolls
  A hornet (D:10)
  Prince Ribbit (D:9)
  A shadow (D:10)
  A wraith (Ossuary)
  Sigmund (D:4)
  7 yaks
  A wyvern (D:8)
  A steam dragon (D:8)
  Menkaure (D:5)
  3 swamp worms (Gauntlet)
  2 water moccasins (D:6)
  7 orc warriors
  2 black bears
  4 centaurs
  2 ogres
  A phantom (D:6)
  2 kobold brigands (D:8)
  A bullfrog (D:8)
  4 gnoll sergeants (D:8)
  A necrophage (D:5)
  3 scorpions
  3 wights (D:6)
  18 killer bees
  2 howler monkeys (D:8)
  2 jellies (D:7)
  5 hounds
  7 orc priests
  Ijyb (D:5)
  6 iguanas
  14 orc wizards
  A mummy (Ossuary)
  10 gnolls
  4 adders
  A shadow imp (D:2)
  4 white imps
  3 dart slugs
  42 orcs
  7 ball pythons
  7 endoplasms
  2 giant cockroaches
  6 goblins
  13 hobgoblins
  5 jackals
  18 kobolds
  2 quokkas (D:3)
  5 bats (D:1)
  4 frilled lizards
  3 gnoll skeletons (Ossuary)
  5 kobold skeletons (Ossuary)
  17 orc skeletons (Ossuary)
  6 rats
278 creatures vanquished.

Vanquished Creatures (others)
  A ball python (D:2)
  26 plants
27 creatures vanquished.

Grand Total: 305 creatures vanquished

Notes
Turn   | Place    | Note
-------+----------+-------------------------------------------
     0 | D:1      | erdraug the Tengu Air Elementalist began the quest for the
                  | Orb.
     0 | D:1      | Reached XP level 1. HP: 10/10 MP: 4/4
   281 | D:1      | Reached XP level 2. HP: 15/15 MP: 0/6
   456 | D:1      | Reached skill level 5 in Air Magic
   859 | D:1      | Reached XP level 3. HP: 19/19 MP: 2/7
  1457 | D:2      | Learned a level 3 spell: Swiftness
  1624 | D:2      | Reached skill level 6 in Air Magic
  1695 | D:2      | Reached XP level 4. HP: 17/24 MP: 1/8
  2516 | D:2      | Reached skill level 7 in Air Magic
  2813 | D:3      | Gained mutation: Your magical nature lets you fly swiftly
                  | and evasively. [Tengu growth]
  2813 | D:3      | Reached XP level 5. HP: 28/28 MP: 9/9
  2818 | D:3      | Learned a level 4 spell: Airstrike
  3119 | D:3      | Found an iron altar of Okawaru.
  3125 | D:3      | Became a worshipper of Warmaster Okawaru
  3309 | D:4      | Found Qupoomit's Assorted Antiques.
  3312 | D:4      | Reached skill level 1 in Fighting
  3393 | D:4      | Found Atyrracw's Book Emporium.
  3516 | D:4      | Found a staircase to the Ecumenical Temple.
  3659 | D:4      | Reached skill level 8 in Air Magic
  3659 | D:4      | Reached XP level 6. HP: 35/35 MP: 3/10
  3881 | D:4      | Noticed Sigmund
  3895 | D:4      | Killed Sigmund
  3895 | D:4      | Reached * piety under Okawaru
  3896 | D:4      | Reached skill level 9 in Air Magic
  3896 | D:4      | Reached XP level 7. HP: 41/41 MP: 2/11
  3983 | D:4      | You are sucked into a shaft and drop 2 floors!
  4321 | D:6      | Reached ** piety under Okawaru
  4322 | D:6      | Reached skill level 10 in Air Magic
  4428 | D:6      | Reached skill level 5 in Fighting
  4428 | D:6      | Reached XP level 8. HP: 49/49 MP: 6/12
  5068 | D:6      | Identified the +0 scale mail of Kikubaaqudgha's Envy {Fly
                  | MP+9 Dex+3}
  5255 | D:6      | Reached skill level 1 in Armour
  5594 | D:5      | Entered Level 5 of the Dungeon
  5699 | D:5      | Noticed Ijyb
  5704 | D:5      | Killed Ijyb
  5925 | D:5      | Reached skill level 11 in Air Magic
  6078 | D:5      | Noticed Menkaure
  6377 | D:5      | Reached skill level 1 in Invocations
  6377 | D:5      | Reached skill level 1 in Evocations
  6992 | D:4      | Found a shimmering altar of Xom.
  7044 | D:4      | Found a bloodstained altar of Trog.
  7044 | D:4      | Found a stormy altar of Qazlal.
  7114 | D:4      | Bought a crystal trident for 212 gold pieces
  7114 | D:4      | Identified the +1 trident of the Blushing Gods {holy, rN+
                  | rCorr Int-2 SInv} (You bought it in a shop on level 4 of
                  | the Dungeon)
  7140 | Temple   | Entered the Ecumenical Temple
  7224 | D:5      | Killed Menkaure
  7396 | D:4      | Found an ornate altar of the Wu Jian Council.
  7537 | D:7      | Reached skill level 1 in Polearms
  7538 | D:7      | Reached XP level 9. HP: 10/54 MP: 10/13
  8764 | D:8      | Noticed a troll
  8767 | D:8      | Killed a troll
  8767 | D:8      | Reached *** piety under Okawaru
  8801 | D:8      | Found a sand-covered staircase.
  8871 | Ossuary  | Entered an ossuary
  9419 | D:8      | Reached skill level 5 in Armour
  9594 | D:8      | Reached **** piety under Okawaru
  9775 | D:8      | Reached skill level 12 in Air Magic
  9791 | D:8      | Reached XP level 10. HP: 60/60 MP: 3/14
  9994 | D:8      | Identified the +1 long sword of the Snake Pit {spect,
                  | rCorr}
 10520 | D:8      | Found a hide-covered altar of Uskayaw.
 11227 | D:9      | Reached skill level 1 in Shields
 11269 | D:9      | Noticed Prince Ribbit
 11280 | D:9      | Killed Prince Ribbit
 11483 | D:9      | Reached ***** piety under Okawaru
 11530 | D:9      | Noticed a two-headed ogre
 11542 | D:9      | Killed a two-headed ogre
 11543 | D:9      | Reached skill level 5 in Polearms
 11906 | D:9      | Found an opulent altar of Gozag.
 12270 | D:9      | Learned a level 2 spell: Sublimation of Blood
 12271 | D:10     | Entered Level 10 of the Dungeon
 12480 | D:10     | Reached skill level 5 in Evocations
 12567 | D:10     | Reached skill level 5 in Invocations
 12655 | D:10     | Reached skill level 13 in Air Magic
 12664 | D:10     | HP: 3/60 [orc warrior/+0 dire flail (16)]
 12668 | D:10     | Reached XP level 11. HP: 4/64 MP: 1/15
 12989 | D:10     | Reached skill level 1 in Necromancy
 13210 | D:10     | Noticed Harold
 13248 | D:10     | Noticed Fannar
 13481 | D:10     | Noticed Urug
 13488 | D:10     | Killed Urug
 13632 | D:10     | Paralysed by a hornet for 2 turns
 13637 | D:10     | Identified the +5 crystal plate armour "Dibrabuf" {rC+}
                  | (Okawaru gifted it to you on level 10 of the Dungeon)
 13637 | D:10     | Received a gift from Okawaru
 14098 | D:10     | Killed Fannar
 14280 | D:10     | Found a radiant altar of Vehumet.
 14434 | D:10     | Killed Harold
 14799 | D:11     | Found Fikitigh's Jewellery Shop.
 14867 | D:11     | Noticed a cyclops
 14867 | D:11     | Noticed Lodul
 14867 | D:11     | Noticed a two-headed ogre
 14867 | D:11     | Noticed a two-headed ogre
 14867 | D:11     | Noticed a two-headed ogre
 14867 | D:11     | Noticed a two-headed ogre
 14867 | D:11     | Noticed a manticore
 14867 | D:11     | Noticed a two-headed ogre
 14868 | D:11     | Noticed a two-headed ogre
 14875 | D:10     | Killed a two-headed ogre
 14946 | D:11     | Noticed a cyclops
 14959 | D:11     | Found a gate leading to a gauntlet.
 14965 | Gauntlet | Entered a Gauntlet
 14965 | Gauntlet | Found a transporter.
 14965 | Gauntlet | Found a runed translucent gate.
 14965 | Gauntlet | Found a transporter.
 14968 | Gauntlet | Noticed a catoblepas
 15028 | Gauntlet | Found a transporter.
 15028 | Gauntlet | Noticed a wizard
 15041 | Gauntlet | Found a transporter.
 15059 | Gauntlet | Found a transporter.
 15059 | Gauntlet | Found a transporter.
 15059 | Gauntlet | Found a transporter.
 15062 | Gauntlet | Found a transporter.
 15062 | Gauntlet | Found a transporter.
 15064 | Gauntlet | Noticed a reaper
 15077 | Gauntlet | Found a transporter.
 15090 | Gauntlet | Noticed a sixfirhy
 15092 | Gauntlet | Noticed a sixfirhy
 15092 | Gauntlet | Noticed a sixfirhy
 15093 | Gauntlet | Found a transporter.
 15100 | Gauntlet | Found a runed translucent door.
 15104 | Gauntlet | Found a transporter.
 15118 | Gauntlet | Found a transporter.
 15138 | Gauntlet | Found a transporter.
 15143 | Gauntlet | Noticed a worldbinder
 15145 | Gauntlet | Found a runed translucent gate.
 15145 | Gauntlet | Found a runed translucent gate.
 15214 | Gauntlet | Killed a wizard
 15217 | Gauntlet | Identified the +2 pair of gloves of Compression {rN++
                  | Slay+3}
 15277 | Gauntlet | HP: 1/64 [swamp worm (5)]
 15280 | Gauntlet | Reached skill level 14 in Air Magic
 15714 | Gauntlet | Noticed a minotaur
 15730 | Gauntlet | Slain by a minotaur

Illustrated notes

Levels and vault maps discovered:
D:1:      eino_arrival_water_cross, layout_basic
D:2:      layout_rooms
D:3:      layout_rooms, mainiacjoe_overflow_six_doors_small,
          minmay_misc_feat_iff
D:4:      layout_cave_pools, nicolae_overflow_hidden_temple,
          kennysheep_little_box, minmay_temple_entry_statues_fountains,
          serial_shops, shop, shop, uniq_sigmund
D:5:      layout_gridville, uniq_menkaure, uniq_ijyb
D:6:      layout_loops_ring, lemuel_old_faithful
D:7:      layout_loops_ring
D:8:      kennysheep_housing_project, layout_basic,
          nicolae_uskayaw_murder_on_the_dancefloor,
          nicolae_ossuary_entry_monument, serial_rivers,
          chequers_serial_rivers_micro_b, chequers_serial_rivers_micro_b,
          chequers_serial_rivers_small_b, chequers_serial_rivers_small_b,
          chequers_serial_rivers_room_a, chequers_serial_rivers_large_a,
          grunt_ministairs_14, amcnicky_mini_pool_medium
D:9:      layout_loops_cross, amcnicky_altar_gilded, uniq_prince_ribbit1
D:10:     layout_cave_pods, vehumet_altar_wand_db, uniq_fannar, uniq_urug,
          uniq_harold
D:11:     giant_chief_lemuel, layout_loops_ring, lair_entry_dummy, serial_shops,
          kennysheep_mini, gauntlet_entry_generic,
          hangedman_parallel_progression, uniq_erolcha, uniq_grum, uniq_lodul
Temple:   eino_temple_water
Gauntlet: gammafunk_gauntlet_mixed_choke_point
          [minmay_gauntlet_arena_77_run_for_it,
          minmay_gauntlet_arena_77_broken_ladder,
          minmay_gauntlet_arena_77_terracotta_army,
          nicolae_gauntlet_arena_quarters, minmay_gauntlet_arena_77_path,
          minmay_gauntlet_arena_77_squiggly,
          minmay_gauntlet_arena_77_double_cross, gauntlet_exit_green]

Skill      XL: |  1  2  3  4  5  6  7  8  9 10 11 |
---------------+----------------------------------+-----
Air Magic      | 5 6 7 8 9 10 11 12 13 14 | 14.0
Fighting       | 2 3 5 6 |  6.0
Armour         | 3 5 6 8 |  8.4
Invocations    | 1 3 5 |  5.0
Evocations     | 1 3 5 |  5.0
Polearms       | 1 3 5 |  5.0
Dodging        | 3 4 |  4.5
Shields        | 3 4 |  4.0
Necromancy     | 2 |  2.0
Spellcasting   | 3 |  3.4
Stealth        | |  2.0
Conjurations   | |  1.3

Action                   |  1- 3 |  4- 6 |  7- 9 | 10-12 || total
-------------------------+-------+-------+-------+-------++-------
Melee: Short sword       |     4 |    17 |     7 |       ||    28
       Peck              |     2 |     2 |     8 |    32 ||    44
       Dagger            |     1 |    13 |     1 |       ||    15
       Kick              |       |    10 |    14 |    44 ||    68
       Trident           |       |       |    34 |   157 ||   191
       Punch             |       |       |     1 |       ||     1
Throw: Dart              |       |       |       |     1 ||     1
 Cast: Shock             |    70 |    47 |    88 |    36 ||   241
       Airstrike         |       |    13 |    80 |   122 ||   215
       Swiftness         |       |       |       |     1 ||     1
Invok: Heroism           |       |       |     1 |     5 ||     6
       Finesse           |       |       |       |     1 ||     1
Evoke: Wand              |       |       |     6 |    15 ||    21
  Use: Scroll            |     2 |       |     5 |     5 ||    12
       Potion            |       |     6 |     1 |     6 ||    13
 Stab: Sleeping          |       |     1 |       |     2 ||     3
       Paralysed         |       |       |     3 |       ||     3
Armor: Robe              |     1 |     3 |       |       ||     4
       Skin              |       |     1 |     1 |       ||     2
       Scale mail        |       |       |    10 |    20 ||    30
       Steam dragon scal |       |       |       |     5 ||     5
Dodge: Dodged            |     9 |    45 |    58 |   164 ||   276
Block: Buckler           |       |       |       |    34 ||    34

Table legend: (Time is in decaauts)
 A = Elapsed time spent in this place.
 B = Non-inter-level travel time spent in this place.
 C = Inter-level travel time spent in this place.
 D = Time resting spent in this place.
 E = Time spent auto-exploring this place.
 F = Levels seen in this place.
 G = Mean time per level.
                   A        B        C        D        E       F      G
               +--------+--------+--------+--------+--------+-----+--------+
         Total |  15051 |  13273 |   1778 |    377 |  10754 |  14 | 1075.1 |
       Dungeon |  13844 |  12072 |   1772 |    279 |  10098 |  11 | 1258.5 |
        Temple |     95 |     89 |      6 |      0 |      0 |   1 |   95.0 |
       Ossuary |    384 |    384 |      0 |     98 |    155 |   1 |  384.0 |
      Gauntlet |    726 |    726 |      0 |      0 |    501 |   1 |  726.0 |
               +--------+--------+--------+--------+--------+-----+--------+

Top non-repeatable levels by time:
     D:6: 1969 daAuts
     D:9: 1637 daAuts
     D:8: 1593 daAuts
    D:10: 1584 daAuts
     D:1: 1476 daAuts
     D:5: 1362 daAuts
     D:2: 1183 daAuts
     D:7: 1135 daAuts
     D:4: 1105 daAuts
     D:3: 740 daAuts
Gauntlet: 726 daAuts
 Ossuary: 384 daAuts
  Temple: 95 daAuts
    D:11: 56 daAuts
